 Dungeon Crawl Stone Soup version 0.31-a0-662-g684573625c (webtiles) character file.

Game seed: 2145019856846997403

226 AdnanSaban the Trooper (level 6, -2/39 HPs)
             Began as a Gargoyle Fighter on Sept 1, 2023.
             Was an Initiate of Okawaru.
             Blown up by Ijyb (14 damage)
             ... with a mindburst bolt
             ... on level 4 of the Dungeon.
             The game lasted 00:02:41 (2202 turns).

AdnanSaban the Trooper (Gargoyle Fighter)           Turns: 2202, Time: 00:02:41

Health: -2/39      AC: 14    Str: 22    XL:     6   Next: 1%
Magic:  6/6        EV:  9    Int:  8    God:    Okawaru [......]
Gold:   120        SH:  4    Dex:  9    Spells: 5/5 levels left

rFire   . . .        a - +0 flail
rCold   . . .        c - +0 buckler
rNeg    + . .        b - +0 scale mail
rPois   ∞            (no helmet)
rElec   +            p - +1 cloak
rCorr   .            (no gloves)
SInv    .            q - +0 pair of boots
Will    .....        (no amulet) Stlth
                     (no ring)
HPRegen 0.26/turn    (no ring)
MPRegen 0.10/turn

%: no passive effects
@: no status effects
A: sickness immunity, AC +4, negative energy resistance 1, electricity
resistance, torment resistance 1, petrification resistance
a: Renounce Religion


You were on level 4 of the Dungeon.
You worshipped Okawaru.
Okawaru was noncommittal.
You visited 2 branches of the dungeon, and saw 5 of its levels.

You collected 120 gold pieces.

Inventory:

Hand Weapons
 a - a +0 flail (weapon)
Missiles
 g - 3 boomerangs (quivered)
 s - 5 curare-tipped darts
Armour
 b - a +0 scale mail (worn)
 c - a +0 buckler (worn)
 p - a +1 cloak (worn)
 q - a +0 pair of boots (worn)
Scrolls
 f - 6 scrolls of identify {unknown}
 r - a scroll of silence {unknown}
 t - a scroll of amnesia {unknown}
 u - a scroll of noise {unknown}
Potions
 d - a potion of might
 e - 2 potions of enlightenment {unknown}
 h - 3 potions of curing {unknown}
 i - a potion of berserk rage {unknown}
 j - a potion of brilliance {unknown}
 k - a potion of degeneration {unknown}
 l - a potion of attraction {unknown}
 m - a potion of invisibility {unknown}
 o - a potion of magic {unknown}


   Skills:
 + Level 4.4 Fighting
 + Level 3.7 Maces & Flails
 + Level 3.9 Armour
 + Level 1.3 Dodging
 + Level 4.2 Shields


You had 5 spell levels left.
You didn't know any spells.
Your spell library contained the following spells:

 Spells                   Type           Power      Damage    Failure   Level
 Necrotise                Necr           0%         1d4       80%         1
 Vampiric Draining        Necr           0%         2d6       99%         3
 Agony                    Necr           0%         N/A       100%        5


Dungeon Overview and Level Annotations

Branches:
Dungeon (4/15)             Temple (1/1) D:4

Altars:
Ashenzari
Cheibriados
Elyvilon
Fedhas
Gozag
Hepliaklqana
Kikubaaqudgha
Okawaru
Ru
Trog
Uskayaw
Vehumet
Wu Jian
Yredelemnul
Zin
The Shining One

Shops:
D:2 (

Annotations:
D:4 Ijyb


Innate Abilities, Weirdness & Mutations

You are immune to sickness and miasma.
Your stone body is resilient. (AC +4)
You are immune to poison.
You resist negative energy. (rN+)
You are resistant to electric shocks. (rElec)
You are resistant to unholy torment.
You are immune to petrification.


Message History

You throw a boomerang. The boomerang barely misses Ijyb.
You thump Ijyb!
Ijyb is moderately wounded.
Ijyb hits you but does no damage.
You hit Ijyb but do no damage.
Ijyb is moderately wounded.
Ijyb hits you with a +0 club.
You hit Ijyb but do no damage.
Ijyb is moderately wounded.
Ijyb hits you with a +0 club. Ijyb hits you but does no damage.
You hit Ijyb.
Ijyb is heavily wounded.
Ijyb zaps a wand.
Your mind is blasted!
You hit Ijyb.
Ijyb is heavily wounded.
Ijyb hits you with a +0 club.
You are too injured to fight recklessly!
You hit Ijyb.
Ijyb is severely wounded.
You block Ijyb's attack.
You barely miss Ijyb.
Ijyb is severely wounded.
Ijyb hits you but does no damage. x2
You closely miss Ijyb.
Ijyb is severely wounded.
Ijyb zaps a wand.
Your mind is blasted!
You hit Ijyb.
Ijyb is almost dead.
Ijyb hits you with a +0 club.
* * * LOW HITPOINT WARNING * * *
You hit Ijyb but do no damage.
Ijyb is almost dead.
Ijyb closely misses you.
You hit Ijyb but do no damage.
Ijyb is almost dead.
You block Ijyb's attack. Ijyb hits you but does no damage.
You barely miss Ijyb.
Ijyb is almost dead.
Ijyb zaps a wand.
Your mind is blasted!
You die...

................#.....##.....#
................(............#
........#....................#
.......##....................#
......##...........#.........#
...#...#..........###........##
#####.............# ##........#
# ##..........g## ##.......###
##.........@# ##......... #
##.........# #........# ##
#........## ##......## .#
##.......# ##...### .###
#.......# ####...##
...#######.....#######.......#
#........#.......##..........#
####........>.................#
###.........................#


You could see Ijyb.

Vanquished Creatures
  A scorpion (D:4)
  The ghost of GreedOfGod the Sneak, a weakling DsBr (D:3)
  A jelly (D:3)
  3 adders
  An ufetubus (D:4)
  2 worms
  2 dart slugs
  An orc (D:4)
  8 ball pythons
  4 bats
  4 endoplasms
  A giant cockroach (D:4)
  4 goblins
  2 hobgoblins (D:1)
  2 jackals (D:1)
  7 kobolds
  4 quokkas
  6 frilled lizards
  9 rats
63 creatures vanquished.

Notes
Turn   | Place    | Note
-------+----------+-------------------------------------------
     0 | D:1      | AdnanSaban the Gargoyle Fighter began the quest for the
                  | Orb.
     0 | D:1      | Reached XP level 1. HP: 14/14 MP: 1/1
   191 | D:1      | Reached XP level 2. HP: 19/19 MP: 2/2
   490 | D:1      | Reached XP level 3. HP: 23/23 MP: 3/3
   796 | D:2      | Found Nucunkek's Antique Weapon Emporium.
  1253 | D:3      | Found a runed translucent door.
  1253 | D:3      | Noticed GreedOfGod's ghost (weakling DsBr)
  1279 | D:3      | Reached XP level 4. HP: 29/29 MP: 4/4
  1384 | D:3      | Reached skill level 1 in Dodging
  1661 | D:3      | Found a radiant altar of Vehumet.
  1729 | D:3      | Killed GreedOfGod's ghost
  1730 | D:3      | Reached XP level 5. HP: 34/34 MP: 5/5
  1951 | D:4      | Found a staircase to the Ecumenical Temple.
  1970 | D:4      | Reached XP level 6. HP: 39/39 MP: 6/6
  1976 | Temple   | Entered the Ecumenical Temple
  1981 | Temple   | Became a worshipper of Warmaster Okawaru
  2080 | D:4      | Noticed Ijyb
  2202 | D:4      | Blown up by Ijyb

Illustrated notes

Levels and vault maps discovered:
D:1:      dpeg_arrival_arbitrary_a, layout_rooms, minmay_misc_feat_five
D:2:      layout_loops_ring, serial_shops, shop, minivault_19
D:3:      layout_rooms, mainiacjoe_overflow_catwalk,
          hellmonk_ghost_happy_afterlife
D:4:      layout_layer_cave, kennysheep_orc_sif_temple,
          minmay_temple_entry_mist, kennysheep_generic_room_3, uniq_ijyb
Temple:   hellmonk_temple_two_chambers

Skill      XL: |  1  2  3  4  5 |
---------------+----------------+-----
Fighting       | 4 |  4.4
Dodging        | 1 |  1.3
Maces & Flails | 3 |  3.7
Shields        | 4 |  4.2
Armour         | |  3.9

Action                     |  1- 3 |  4- 6 || total
---------------------------+-------+-------++-------
  Melee: Flail             |   134 |   107 ||   241
  Throw: Dart              |       |     4 ||     4
         Boomerang         |       |     2 ||     2
 Armour: Scale mail        |   115 |    92 ||   207
  Dodge: Dodged            |    64 |    67 ||   131
  Block: Buckler           |    35 |    29 ||    64

Table legend: (Time is in decaauts)
 A = Elapsed time spent in this place.
 B = Non-inter-level travel time spent in this place.
 C = Inter-level travel time spent in this place.
 D = Time resting spent in this place.
 E = Time spent auto-exploring this place.
 F = Levels seen in this place.
 G = Mean time per level.
                   A        B        C        D        E       F      G
               +--------+--------+--------+--------+--------+-----+--------+
         Total |   2279 |   2245 |     34 |     85 |   1537 |   5 |  455.8 |
       Dungeon |   2270 |   2239 |     31 |     85 |   1537 |   4 |  567.5 |
        Temple |      9 |      6 |      3 |      0 |      0 |   1 |    9.0 |
               +--------+--------+--------+--------+--------+-----+--------+

Top non-repeatable levels by time:
     D:3: 648 daAuts
     D:2: 646 daAuts
     D:1: 620 daAuts
     D:4: 354 daAuts
  Temple: 9 daAuts
